 Dungeon Crawl Stone Soup version 0.24.0-123-gd5b16e6ec5 (webtiles) character file.

Game seed: 17406653707449763242, levelgen mode: deterministic

10505 Descartes the Blocker (level 11, -3/84 HPs)
             Began as a Formicid Abyssal Knight on Jan 2, 2020.
             Was a High Priest of Lugonu.
             Slain by an eight-headed hydra (12 damage)
             ... on level 12 of the Dungeon.
             The game lasted 00:42:02 (13584 turns).

Descartes the Blocker (Formicid Abyssal Knight)    Turns: 13584, Time: 00:42:02

Health: -3/84      AC: 17    Str: 23    XL:     11   Next: 94%
Magic:  19/19      EV: 10    Int: 16    God:    Lugonu [*****.]
Gold:   301        SH: 17    Dex: 10    Spells: 18/21 levels left

rFire    . . .     SeeInvis +   X - +5 mace of Plunder {venom, MR+ Int+2}
rCold    . . .     Gourm    .   i - +0 large shield
rNeg     + + .     Faith    .   x - +1 chain mail {rN+}
rPois    .         Spirit   .   (helmet unavailable)
rElec    .         Reflect  .   T - scarf {cloud immunity}
rCorr    .         Harm     .   q - +0 pair of gloves
MR       ++...                  (no boots)
Stlth    ..........             (no amulet)
HPRegen  0.24/turn              U - +3 ring of evasion
MPRegen  0.16/turn              A - ring of positive energy

@: mighty, invisible
A: permanent stasis, dig shafts and tunnels, four strong arms, antennae 3,
iridescent scales 1, molten scales 1
a: Dig, Shaft Self, Depart the Abyss, Bend Space, Banish, Corrupt, Enter the
Abyss, Renounce Religion


You were on level 12 of the Dungeon.
You worshipped Lugonu.
Lugonu was extremely pleased with you.
You were very hungry.

You visited 2 branches of the dungeon, and saw 13 of its levels.
You visited the Abyss 1 time.
You also visited: Sewer.

You collected 683 gold pieces.
You spent 382 gold pieces at shops.

Inventory:

Hand Weapons
 N - a cursed +4 battleaxe
 W - the +6 spear of Maugeib {freeze, rElec rPois rC+ MR+}
   (You found it on level 7 of the Dungeon)

   It has been specially enchanted to freeze those struck by it, causing extra
   injury to most foes and up to half again as much damage against particularly
   susceptible opponents.
   It can also slow down cold-blooded creatures.
   It protects you from cold.
   It insulates you from electricity.
   It protects you from poison.
   It affects your resistance to hostile enchantments.
 X - the +5 mace of Plunder (weapon) {venom, MR+ Int+2}
   (You found it on level 9 of the Dungeon)

   It poisons the flesh of those it strikes.
   It affects your intelligence (+2).
   It affects your resistance to hostile enchantments.
Missiles
 g - 525 stones
 m - 39 poisoned darts
 n - 5 curare-tipped darts
 o - 7 javelins
 p - 442 arrows
 v - 22 bolts
 J - 11 boomerangs (quivered)
 Q - 2 throwing nets
Armour
 i - a +0 large shield (worn)
 j - the +1 robe of Hide-and-Seek {Regen+ Str+3}
   (You found it on level 10 of the Dungeon)

   It affects your strength (+3).
   It increases your rate of regeneration.
 q - a +0 pair of gloves (worn)
 s - a +0 plate armour
 x - a +1 chain mail of positive energy (worn)
 G - +0 steam dragon scales
 I - a scarf of repulsion
 K - +0 acid dragon scales
 T - a scarf of cloud immunity (worn)
 V - a +2 robe of magic resistance
Jewellery
 k - a +2 ring of dexterity
 A - a ring of positive energy (right hand)
 D - an uncursed ring of ice
 U - a +3 ring of evasion (left hand)
Wands
 a - a wand of iceblast (7)
 e - a wand of scattershot (7)
 B - a wand of flame (73)
 L - a wand of random effects (20)
 S - a wand of disintegration (18)
Scrolls
 b - 5 scrolls of remove curse
 f - a scroll of vulnerability {unknown}
 y - 4 scrolls of magic mapping
 z - 2 scrolls of identify
 F - 3 scrolls of amnesia
 H - 4 scrolls of enchant armour
 O - a scroll of acquirement {unknown}
 Y - a scroll of enchant weapon
Potions
 d - 2 potions of flight
 l - a potion of brilliance
 r - 3 potions of lignification
 t - 4 potions of agility
 u - 3 potions of heal wounds
 w - 7 potions of curing
 C - a potion of resistance
 M - 3 potions of mutation
 P - 2 potions of cancellation
 R - a potion of magic
 Z - a potion of ambrosia
Comestibles
 c - 21 rations


   Skills:
 + Level 7.5 Fighting
 - Level 2.5(4.5) Axes
 - Level 5.4(5.7) Maces & Flails
 + Level 1.8(2.4) Polearms
 * Level 9.5 Armour
 - Level 1.1 Dodging
 * Level 10.0 Shields
 + Level 5.7 Spellcasting
 + Level 7.6 Invocations
 + Level 6.2 Evocations


You had 18 spell levels left.
You knew the following spells:

 Your Spells              Type           Power        Failure   Level  Hunger
a - Conjure Flame         Conj/Fire      #.......     100%        3    ##.....

Your spell library contained the following spells:

 Spells                   Type           Power        Failure   Level  Hunger
 Animate Skeleton         Necr           N/A          94%         1    None
 Apportation              Tloc           #.....       94%         1    None
 Confusing Touch          Hex            #.....       94%         1    None
 Flame Tongue             Conj/Fire      #....        94%         1    None
 Summon Small Mammal      Summ           #...         94%         1    None
 Throw Flame              Conj/Fire      #.....       98%         2    #......
 Inner Flame              Hex/Fire       #.......     100%        3    ##.....
 Sticky Flame             Conj/Fire      #.......     100%        4    ####...
 Fireball                 Conj/Fire      #.........   100%        5    ######.


Dungeon Overview and Level Annotations

Branches:
Dungeon (12/15)            Temple (1/1) D:7            Lair (0/6) D:9
    Orc (0/2) D:9           Sewer (visited)

Altars:
Ashenzari
Cheibriados
Dithmenos
Elyvilon
Fedhas
Gozag
Hepliaklqana
Kikubaaqudgha
Makhleb
Nemelex Xobeh
Okawaru
Qazlal
Ru
Sif Muna
Trog
Uskayaw
Vehumet
Wu Jian
Xom
Yredelemnul
Zin
The Shining One

Shops:
D:5 !   D:9 !

Portals:
Trove: D:11 (show slimy rune of Zot)

Annotations:
D:3 1 runed translucent door


Innate Abilities, Weirdness & Mutations

You cannot be hasted, slowed, berserked, paralysed or teleported.
You can dig through walls and to a lower floor.
Your four strong arms can wield two-handed weapons with a shield.
You have a pair of large antennae on your head. (SInv)
You are partially covered in iridescent scales. (AC +2)
You are partially covered in molten scales. (AC +2)


Message History

The eight-headed hydra bites you!
* * * LOW HITPOINT WARNING * * *
The eight-headed hydra bites you but does no damage. x3
You block the eight-headed hydra's attack. x2
You feel much better. The eight-headed hydra bites you.
The eight-headed hydra bites you!
* * * LOW HITPOINT WARNING * * *
The eight-headed hydra bites you.
* * * LOW HITPOINT WARNING * * *
The eight-headed hydra bites you.
* * * LOW HITPOINT WARNING * * *
The eight-headed hydra closely misses you.
The eight-headed hydra bites you!
* * * LOW HITPOINT WARNING * * *
You block the eight-headed hydra's attack.
The eight-headed hydra bites you but does no damage.
You fade into invisibility!
The eight-headed hydra bites you but does no damage. x2
The eight-headed hydra bites you!
You die...

#################################
................@D...............
##.....................######.###
#.....................# #.#
#.....<...............# #.#
#.....................# #.#
#.....................# #.#
#.....................# #.#
#.....................# #.#
#.>...................# #.#


You could see an eight-headed hydra.

Vanquished Creatures
  A hydra (D:11)
  Erica (D:9)
  2 two-headed ogres
  Pikel (D:6)
  A cyclops (D:11)
  Psyche (D:9)
  A centaur skeleton (D:10)
  A gargoyle (D:11)
  A troll (D:9)
  A hippogriff (D:8)
  Eustachio (D:4)
  A wyvern (D:9)
  Grum (D:9)
  An acid dragon (D:11)
  2 water moccasins
  The ghost of PentaManta the Sneak, an amateur VSAs (D:2)
  A black bear (D:11)
  An ice beast (D:8)
  2 sky beasts
  2 slaves (D:6)
  7 ogres
  A phantom (D:7)
  12 centaurs
  2 wolves (D:9)
  2 big kobolds
  3 bullfrogs
  A water moccasin skeleton (D:6)
  5 howler monkeys
  10 wights
  7 crimson imps
  A centaur zombie (D:8)
  7 orc priests
  4 hounds
  4 jellies
  Crazy Yiuf (D:3)
  A bullfrog skeleton (D:11)
  A gnoll shaman (D:7)
  2 iguanas (D:5)
  Ijyb (D:4)
  6 orc wizards
  11 worker ants
  2 hound zombies
  2 hound skeletons
  2 worker ant zombies
  8 gnolls
  16 adders
  A river rat (D:3)
  3 shadow imps
  An ooze (D:4)
  2 adder zombies (D:5)
  2 adder skeletons
  3 worms
  2 dart slugs (D:1)
  10 leopard geckos
  35 orcs
  3 ball pythons
  4 bats
  16 giant cockroaches
  9 goblins
  8 hobgoblins
  15 jackals
  6 quokkas
  2 frilled lizards
  A jackal zombie (D:8)
  33 kobolds
  A leopard gecko skeleton (D:5)
  17 rats
317 creatures vanquished.

Vanquished Creatures (others)
  2 slaves (D:7)
  3 gnolls (D:7)
  An adder (D:7)
6 creatures vanquished.

Grand Total: 323 creatures vanquished

Notes
Turn   | Place    | Note
-------+----------+-------------------------------------------
     0 | Abyss:1  | Descartes the Formicid Abyssal Knight began the quest for
                  | the Orb.
     0 | Abyss:1  | Reached XP level 1. HP: 18/18 MP: 2/2
    95 | Abyss:3  | Noticed a starcursed mass
   100 | D:1      | Escaped the Abyss
   417 | D:1      | Reached skill level 1 in Dodging
   481 | D:1      | Reached XP level 2. HP: 13/24 MP: 3/3
  1055 | D:1      | Reached XP level 3. HP: 25/29 MP: 4/4
  1130 | D:1      | Reached ** piety under Lugonu
  1142 | D:1      | Reached skill level 1 in Shields
  1795 | D:2      | Reached XP level 4. HP: 6/36 MP: 6/6
  2203 | D:2      | Found an ancient bone altar of Kikubaaqudgha.
  2713 | D:3      | Found a glowing drain.
  2768 | Sewer    | Entered a sewer
  2850 | Sewer    | Reached XP level 5. HP: 41/42 MP: 7/7
  2986 | Sewer    | Reached *** piety under Lugonu
  3294 | Sewer    | Noticed a big kobold
  3305 | Sewer    | Killed a big kobold
  3305 | Sewer    | Reached skill level 2 in Shields
  3305 | Sewer    | Reached skill level 1 in Spellcasting
  3305 | Sewer    | Reached skill level 1 in Evocations
  3420 | D:3      | Reached XP level 6. HP: 48/48 MP: 8/8
  3466 | D:3      | Found a runed translucent door.
  3466 | D:3      | Noticed PentaManta's ghost (amateur VSAs)
  3799 | D:3      | Found a white marble altar of Elyvilon.
  3861 | D:3      | Found a faded altar of an unknown god.
  4066 | D:3      | Found a runed translucent door.
  4253 | D:3      | Found a runed translucent door.
  4254 | D:3      | Noticed Crazy Yiuf
  4309 | D:3      | Killed Crazy Yiuf
  4309 | D:3      | Reached skill level 1 in Maces & Flails
  4361 | D:2      | Killed PentaManta's ghost
  4361 | D:2      | Reached skill level 3 in Shields
  4361 | D:2      | Reached XP level 7. HP: 43/54 MP: 9/9
  4665 | D:4      | Found a stormy altar of Qazlal.
  4767 | D:4      | Reached **** piety under Lugonu
  4838 | D:4      | Found an iron altar of Okawaru.
  5004 | D:4      | Noticed Eustachio
  5025 | D:4      | Killed Eustachio
  5025 | D:4      | Reached skill level 4 in Shields
  5025 | D:4      | Reached XP level 8. HP: 55/61 MP: 11/11
  5031 | D:4      | Found a shimmering blue altar of Sif Muna.
  5038 | D:4      | Found a bloodstained altar of Trog.
  5038 | D:4      | Found a shadowy altar of Dithmenos.
  5049 | D:4      | Found a shimmering altar of Xom.
  5053 | D:4      | Found a basalt altar of Yredelemnul.
  5166 | D:4      | Reached skill level 5 in Armour
  5166 | D:4      | Noticed Ijyb
  5204 | D:4      | Killed Ijyb
  5425 | D:5      | Entered Level 5 of the Dungeon
  5629 | D:5      | Reached skill level 5 in Shields
  5752 | D:5      | Reached skill level 5 in Fighting
  5905 | D:5      | Noticed a +0 hand axe
  5905 | D:5      | Noticed a +0 hand axe
  5906 | D:5      | Found a hide-covered altar of Uskayaw.
  5967 | D:5      | Found Geckups's Distillery.
  5975 | D:5      | Bought a potion of mutation for 112 gold pieces
  5975 | D:5      | Bought a potion of heal wounds for 70 gold pieces
  5975 | D:5      | Bought a potion of magic for 112 gold pieces
  5976 | D:5      | Gained mutation: You are partially covered in iridescent
                  | scales. (AC +2) [potion of mutation]
  5976 | D:5      | Gained mutation: You are partially covered in molten
                  | scales. (AC +2) [potion of mutation]
  6064 | D:5      | Reached XP level 9. HP: 59/68 MP: 13/13
  6393 | D:6      | Found an opulent altar of Gozag.
  6395 | D:6      | Found a sacrificial altar of Ru.
  6405 | D:6      | Reached ***** piety under Lugonu
  6430 | D:6      | Reached skill level 5 in Invocations
  6596 | D:6      | Reached skill level 6 in Shields
  7002 | D:6      | Found Gojurph's Antique Armour Boutique.
  7191 | D:7      | Noticed Pikel
  7229 | D:6      | Killed Pikel
  7547 | D:7      | Reached skill level 7 in Shields
  7547 | D:7      | Reached XP level 10. HP: 58/76 MP: 15/15
  7922 | D:7      | Found a staircase to the Ecumenical Temple.
  7929 | Temple   | Entered the Ecumenical Temple
  8166 | D:7      | You fall into a shaft and drop 2 floors!
  8421 | D:9      | Noticed Psyche
  8444 | D:9      | HP: 1/76 [Psyche/+1 dagger of chaos (5)]
  8452 | D:9      | Killed Psyche
  8764 | D:9      | Found Aczog's Distillery.
  8772 | D:9      | Bought a potion of mutation for 88 gold pieces
  8897 | D:9      | Found a staircase to the Lair.
  8902 | D:9      | Noticed a two-headed ogre
  8918 | D:9      | Killed a two-headed ogre
  8918 | D:9      | Reached skill level 8 in Shields
  8918 | D:9      | Reached skill level 5 in Evocations
  9083 | D:9      | Noticed Grum
  9112 | D:9      | Killed Grum
  9380 | D:9      | Got a shimmering mace
  9381 | D:9      | Identified the +5 mace of Plunder {venom, MR+ Int+2} (You
                  | found it on level 9 of the Dungeon)
  9502 | D:9      | Found a staircase to the Orcish Mines.
  9949 | D:9      | Noticed Erica
  9960 | D:9      | Killed Erica
  9960 | D:9      | Reached XP level 11. HP: 73/83 MP: 18/18
 10264 | D:8      | Found a burning altar of Makhleb.
 10308 | D:8      | Noticed a two-headed ogre
 10322 | D:8      | Killed a two-headed ogre
 10322 | D:8      | Reached skill level 9 in Shields
 10322 | D:8      | Reached skill level 5 in Spellcasting
 10453 | D:8      | Learned a level 3 spell: Conjure Flame
 10474 | D:8      | Reached skill level 5 in Maces & Flails
 11129 | D:7      | Found a shattered altar of Ashenzari.
 11134 | D:7      | Saw a vision of the Shoals and the Spider Nest.
 11134 | D:7      | Noticed a sea snake
 11134 | D:7      | Noticed a wolf spider
 11134 | D:7      | Noticed a sea snake
 11134 | D:7      | Noticed a wolf spider
 11134 | D:7      | Noticed a wolf spider
 11136 | D:7      | Noticed a merfolk siren
 11253 | D:7      | Got a brightly glowing spear
 11254 | D:7      | Identified the +6 spear of Maugeib {freeze, rElec rPois rC+
                  | MR+} (You found it on level 7 of the Dungeon)
 11279 | D:7      | Found a sparkling altar of Nemelex Xobeh.
 11523 | D:10     | Entered Level 10 of the Dungeon
 11730 | D:10     | Got a warped robe
 11741 | D:10     | Identified the +1 robe of Hide-and-Seek {Regen+ Str+3} (You
                  | found it on level 10 of the Dungeon)
 12272 | D:11     | Noticed a cyclops
 12319 | D:11     | Killed a cyclops
 12319 | D:11     | Reached skill level 1 in Polearms
 12707 | D:11     | Noticed a four-headed hydra
 12729 | D:11     | Killed a four-headed hydra
 12736 | D:11     | Reached skill level 10 in Shields
 13116 | D:11     | Found a portal to a secret trove of treasure.
 13503 | D:12     | Noticed an eight-headed hydra
 13562 | D:12     | HP: 4/84 [eight-headed hydra (8)]
 13584 | D:12     | Slain by an eight-headed hydra

Levels and vault maps discovered:
D:1:      onia_arrival_larder, layout_loops_ring, minmay_close_crescents
D:2:      layout_loops_corners, lemuel_crystal_altar, serial_glass,
          glass_columns_a, glass_columns_a, glass_columns_b, glass_columns_b,
          glass_columns_a, glass_columns_b, glass_columns_b, glass_columns_a,
          glass_columns_c, glass_columns_c, glass_columns_a, glass_columns_b,
          glass_columns_b, glass_columns_b, minmay_misc_feat_room
D:3:      layout_loops_corners, nicolae_overflow_hidden_temple,
          chequers_ecumenical_altar_simple_redux, gup_sewer_entry_pipe,
          ebering_ghost_sewer_f, uniq_crazy_yiuf_cottage
D:4:      layout_rooms, grunt_qazlal_sundering, minmay_overflow_temple_star_hex,
          okawaru_altar_gauntlet_db, first_ration, uniq_ijyb, uniq_eustachio
D:5:      layout_gridville, dancing_weapons_uskayaw, serial_shops,
          nicolae_shop_behind_doors
D:6:      layout_basic, chequers_temple_overflow_statue_of_worship,
          serial_shops, nicolae_shop_behind_doors
D:7:      layout_loops_ring, kennysheep_mini_moat,
          minmay_temple_entry_glassed_door, grunt_ashenzari_visionary
          [grunt_ashenzari_visionary_shoals, grunt_ashenzari_visionary_spider],
          uniq_pikel
D:8:      layout_gridville, makhleb_heckhound_becter
D:9:      layout_long_grid, lair_entry_dummy, orc_0_dummy, serial_shops, shop,
          uniq_psyche, uniq_grum, uniq_erica
D:10:     layout_roguey
D:11:     layout_loops_ring, nicolae_trove_entry_crossroad
D:12:     cheibrodos_body_horror, layout_long_grid
Temple:   jpeg_temple_island

Skill      XL: |  1  2  3  4  5  6  7  8  9 10 11 |
---------------+----------------------------------+-----
Dodging        | 1 |  1.1
Shields        | 1 2 3 4 5 7 8 10 | 10.0
Armour         | 3 4 5 7 8 9 |  9.5
Invocations    | 3 4 5 6 7 |  7.6
Fighting       | 4 5 6 7 |  7.5
Spellcasting   | 1 2 3 4 5 |  5.7
Evocations     | 1 2 3 4 5 6 |  6.2
Maces & Flails | 1 2 3 4 5 |  5.4
Polearms       | 1 |  1.8
Axes           | |  2.5

Action                   |  1- 3 |  4- 6 |  7- 9 | 10-12 || total
-------------------------+-------+-------+-------+-------++-------
Melee: Hand axe          |   143 |   144 |       |       ||   287
       Whip              |       |    89 |   471 |   149 ||   709
       Quarterstaff      |       |    10 |     5 |       ||    15
       Mace              |       |       |       |   183 ||   183
       Spear             |       |       |       |   228 ||   228
 Abil: Dig               |       |    16 |     1 |     3 ||    20
  Use: Scroll            |       |     8 |     2 |     9 ||    19
       Potion            |       |     1 |     1 |     6 ||     8
  Eat: Chunk             |     3 |     9 |    13 |    16 ||    41
       Ration            |       |       |       |     1 ||     1
Armor: Leather armour    |    28 |       |       |       ||    28
       Plate armour      |    33 |   199 |   222 |   169 ||   623
       Chain mail        |       |       |       |    72 ||    72
Dodge: Dodged            |    36 |    11 |    31 |   100 ||   178
       Deflected         |       |       |     1 |     1 ||     2
Block: Large shield      |    86 |   180 |   398 |   476 ||  1140
